[Event "Uppsala GM June 2022"]
[Site "Uppsala"]
[Date "2022.06.15"]
[Round "3.3"]
[White "Sorensen, Hampus"]
[Black "Roshka, Yevgeniy"]
[Result "1-0"]
[ECO "E90"]
[WhiteElo "2372"]
[BlackElo "2468"]
[Annotator "TA"]
[PlyCount "171"]
[EventDate "2022.06.09"]
[EventType "tourn"]
[EventCountry "SWE"]
[SourceTitle "playchess.com"]
[Source "ChessBase"]
[SourceQuality "1"]
[TimeControl "5400+30"]

1. d4 Nf6 2. c4 c5 3. d5 e6 4. Nc3 d6 5. e4 g6 6. Bd3 Bg7 7. h3 O-O 8. Nf3 Na6 9. O-O e5 10. Re1 {[%emt 0:10:29] [#] E90: King's Indian: Classical: Early deviations and 6 h3.} Kh8 $146 ({Predecessor:} 10... Nh5 11. a3 Qe7 12. Rb1 Nf4 13. Bf1 g5 14. Nh2 Bd7 15. Ng4 f5 16. exf5 Bxf5 17. Ra1 h5 {½-½ (73) Grachev,B (2683)-Vitiugov,N (2734) Khanty-Mansiysk 2013}) 11. Bf1 {[%emt 0:02:40] White is more active.} Ng8 12. a4 (12. Bg5 $16 f6 13. Bd2) 12... Bh6 $11 13. Bxh6 Nxh6 14. Qd2 Kg7 15. Ra3 f6 16. g3 Nf7 17. Bg2 Ng5 18. Kh2 Nxf3+ 19. Bxf3 f5 20. exf5 $1 Bxf5 21. Be4 Qd7 22. Bxf5 Rxf5 23. Ne4 Raf8 24. Kg2 Nb4 (24... Rh5 $2 25. g4 Rh4 26. Qg5 $18) 25. Re2 h6 {[%emt 0:00:11] Inhibits Ng5.} (25... Rh5 $2 26. g4 Rh4 27. Ng5 $18) 26. Rae3 R8f7 (26... Rh5 $2 27. g4 Rh4 28. Qc3 $18) 27. b3 a5 (27... Rh5 28. g4 Rh4 29. Qc3 $18) 28. f3 b6 (28... Rh5 29. g4 Rh4 30. Qe1 $16) (28... Qd8 $14) 29. Nf2 Qd8 30. h4 $1 Qf8 31. Qc3 Kh7 (31... Kg8 $16) 32. Nh3 $1 $18 Na6 $2 (32... Qg7 {was worth a try.} 33. f4 exf4 34. Qxg7+ (34. Nxf4 Qxc3 35. Rxc3 g5 $16) 34... Kxg7 35. Nxf4 g5) 33. f4 $1 exf4 34. Nxf4 Nc7 35. Qc2 Qg7 (35... h5 36. Qc3 Kg8) 36. h5 gxh5 {[%emt 0:03:53] [#]} 37. Re7 $3 Rxe7 38. Qxf5+ Kg8 39. Rxe7 Qxe7 {[%emt 0:00:02][%mdl 4096] Endgame KQN-KQN} 40. Qg6+ Kf8 41. Qxh6+ Kg8 42. Qg6+ Kf8 43. Qxh5 {[%emt 0:00:19] Threatening mate with Ng6+.} Qe4+ 44. Kh2 Ne8 (44... Ke7 $142 45. Qg4 Qd4) 45. Ne6+ Ke7 46. Qg5+ Kf7 47. Nd8+ Kf8 48. Ne6+ $2 (48. Qh6+ Ke7 49. Ne6) 48... Kf7 49. Qh5+ Ke7 50. Ng5 Qf5 {[%emt 0:01:46] Prevents Qf7+.} 51. Qe2+ Kd8 52. Ne4 Qe5 53. Qg4 {[%emt 0:00:53] aiming for Qg5+.} Qb2+ 54. Kh3 {[%emt 0:00:04] And now Qg5+ would win.} Qxb3 $2 (54... Qa1 $18 55. Qg5+ Kd7 56. Qg4+ (56. Qg6 Qh1+ 57. Kg4 Qd1+ 58. Kf4 Qf1+ 59. Ke3 Qc1+ 60. Kf3 Qd1+ 61. Kg2 Qxb3 $18) 56... Kd8 57. Qg5+ Kd7 58. Qg4+ (58. Qg6 Qh1+ 59. Kg4 Qd1+ 60. Kh4 Qh1+ 61. Kg5 Qc1+ 62. Kh5 Qh1+ 63. Kg5 Qc1+ 64. Kh5 Qh1+ 65. Kg5 $16) 58... Kd8) 55. Qg5+ (55. Qg8 Qxa4 56. Nf6 Ke7 57. Qe6+ Kd8 $11) 55... Kd7 56. Qf5+ $1 Kd8 57. Qg5+ $2 (57. Qf8 Qd1 58. Nxd6 Qh5+ 59. Kg2 Qe2+ 60. Kh3 Qh5+ 61. Kg2 Qe2+ 62. Kh3 Qh5+ $11) (57. Ng5 $1 $18 {[%cal Rg5e6] White threatens Ne6+ and mate.} Qxc4 58. Qf7) 57... Kd7 $11 58. Qg4+ Kd8 $2 (58... Kc7 $11 59. Nxd6 Nxd6 60. Qg7+ Kc8 61. Qf8+ Kd7 62. Qg7+ Kc8 63. Qf8+ Kd7 64. Qg7+ Kc8) 59. Qh4+ $1 $18 (59. Qg8 Qxa4 60. Nf6 Ke7 61. Qe6+ Kd8 $11) 59... Kd7 60. Qh7+ $1 Kd8 {[%emt 0:00:01] [#]} 61. Ng5 $1 Qxc4 $2 (61... Qd1 62. Ne6+ Kc8) 62. Ne6+ ({And not} 62. Qb7 Qf1+ 63. Kh4 Nc7 64. Qxb6 Qh1+ 65. Nh3 Qxd5 $17) (62. Qf7 $142 Kc8 63. Qxe8+ Kb7 64. Qc6+ Ka7 65. Qxd6 Qf1+ 66. Kh4 Qh1+ 67. Kg4 Qd1+ 68. Kf5 Qf1+ 69. Kg6 Qd3+ 70. Kh6) 62... Kc8 {[%emt 0:00:00] [#]} 63. Qf7 $1 Qxd5 64. Qxe8+ Kb7 65. Qe7+ Kb8 66. Qe8+ Kb7 $1 67. Nf4 Qf5+ 68. Kh4 c4 69. Qh8 {[%emt 0:00:54] Against Qh7+} (69. Qe7+ $18 {has better winning chances.} Kc6 70. Ne2) 69... Kc6 $2 (69... Qf7 $16 {is a better chance.}) 70. Qd4 b5 (70... Qh7+ $142 71. Kg4 Qd7+ 72. Kf3 b5 73. Qd5+ Kb6) 71. axb5+ Kxb5 72. Nd5 $2 (72. g4 $18 Qh7+ 73. Kg3) 72... Qd3 (72... Qe5 $2 73. Qb6+ Ka4 74. Qc6+ Ka3 75. Qxc4 $18) (72... Qh7+ $16 {was necessary.} 73. Kg4 (73. Kg5 Qd3 $16) 73... Qd3 74. Qb6+ Ka4 75. Qxd6 Qd4+ 76. Kh5 Kb3) 73. Qb6+ Ka4 74. Qxd6 {[%emt 0:00:25] White wants to mate with Qc6+.} Qd4+ 75. Kh3 Kb3 76. Qb8+ Kc2 $2 (76... Ka4 $16) 77. Qb5 Qe4 78. Qa4+ $2 (78. Qxa5 $18 {is the precise move to win.} Qh1+ 79. Kg4 Qe4+ 80. Kg5 Qe5+ 81. Kh4 Qd4+ 82. g4) 78... Kb2 $16 79. Qxa5 ({White should try} 79. Qc6 $16 {Intending Qf6+ and mate.} Qh1+ 80. Kg4 Qd1+ 81. Kh4 Qh1+ 82. Kg5 Qc1+ 83. Kh5 Qh1+ 84. Kg5 Qc1+ 85. Kh5 Qh1+ 86. Kg5) 79... Qh1+ $2 (79... Qh7+ $11 80. Kg4 Qe4+ 81. Kg5 Qe5+ 82. Kh4 Qh8+ 83. Kg4 Qd4+ 84. Kh3 Qd3 85. Qb4+ Kc1 86. Qc3+ Qxc3 87. Nxc3 Kc2) 80. Kg4 Qe4+ 81. Kh3 Qh1+ 82. Kg4 Qe4+ 83. Nf4 {[%emt 0:00:13] White mates.} c3 84. Qb5+ Kc1 85. Qd3 Qb4 {[%emt 0:01:05] [#]} 86. Qxc3+ $3 {[%emt 0:00:00][%mdl 512] Weighted Error Value: White=0.34/Black=0.51} 1-0

[Event "Uppsala GM June 2022"]
[Site "Uppsala"]
[Date "2022.06.15"]
[Round "3.4"]
[White "Larkin, Vladyslav"]
[Black "Falkevall, Axel"]
[Result "1-0"]
[ECO "B31"]
[WhiteElo "2430"]
[BlackElo "2290"]
[Annotator "RC"]
[PlyCount "57"]
[EventDate "2022.06.09"]
[EventType "tourn"]
[EventCountry "SWE"]
[SourceTitle "playchess.com"]
[Source "ChessBase"]
[SourceQuality "1"]
[TimeControl "5400+30"]

1. e4 c5 2. Nf3 Nc6 3. Bb5 g6 4. Bxc6 bxc6 5. O-O Bg7 6. Re1 Nf6 7. e5 Nd5 8. b3 O-O 9. Bb2 d6 10. h3 Bb7 11. Na3 a5 12. Nc4 a4 13. exd6 exd6 14. Bxg7 Kxg7 15. d4 cxd4 16. Qxd4+ Kg8 17. Rad1 c5 18. Qe4 axb3 19. axb3 Ra2 20. Rxd5 Qa8 21. Qd3 Bxd5 22. Nb6 Qa5 23. Nxd5 Ra1 24. Rxa1 Qxa1+ 25. Kh2 Re8 26. Qb5 Re6 27. Nc7 Re7 28. Qb8+ Kg7 29. Ne8+ 1-0

[Event "Uppsala GM June 2022"]
[Site "Uppsala"]
[Date "2022.06.15"]
[Round "3.5"]
[White "Trost, Edvin"]
[Black "Peng, Li Min"]
[Result "1/2-1/2"]
[ECO "D20"]
[WhiteElo "2366"]
[BlackElo "2506"]
[Annotator "TA"]
[PlyCount "48"]
[EventDate "2022.06.09"]
[EventType "tourn"]
[EventCountry "SWE"]
[SourceTitle "playchess.com"]
[Source "ChessBase"]
[SourceQuality "1"]
[TimeControl "5400+30"]

1. d4 d5 2. c4 dxc4 3. e4 Nc6 4. d5 Ne5 5. Nf3 Bg4 6. Bf4 Ng6 {[%emt 0:00:49] D20: Queen's Gambit Accepted: 3 e3 and 3 e4.} 7. Bg3 e5 8. Bxc4 Bd6 {[%emt 0:00:05] White is slightly better.} 9. h3 Bd7 10. Nc3 a6 {[%emt 0:00:08] [#]} 11. Be2 $146 ({Predecessor:} 11. a4 Nf6 12. O-O O-O 13. Nd2 Qe7 14. Bd3 Nf4 15. Bxf4 exf4 16. Nc4 Be5 17. Re1 {0-1 (58) Matuszewski,M (2468)-Tazbir,M (2524) Hucisko 2016}) 11... Nf6 12. Nd2 O-O 13. O-O Re8 14. Bh5 Nxh5 15. Qxh5 b5 (15... Nf4 {looks sharper.} 16. Bxf4 exf4 17. Rfe1 b5) 16. Rac1 c5 17. dxc6 Bxc6 18. Rfd1 Rc8 19. Nf1 b4 20. Nd5 Qa5 (20... Bxd5 $11 21. Rxc8 (21. exd5 Bc5 $11) 21... Qxc8) 21. Ra1 (21. Nfe3 $14 Bc5 22. Nf5) 21... Qd8 ({Better is} 21... Bc5 $11) 22. Rac1 Qa5 23. Ra1 Qd8 24. Rac1 (24. Nfe3 $5 ) 24... Qa5 {[%emt 0:00:49] Weighted Error Value: White=0.18 (very precise) /Black=0.12 (very precise)} 1/2-1/2

[Event "Uppsala GM June 2022"]
[Site "Uppsala"]
[Date "2022.06.15"]
[Round "4.1"]
[White "Ernst, Thomas"]
[Black "Nilsson, Joakim"]
[Result "1-0"]
[ECO "B47"]
[WhiteElo "2300"]
[BlackElo "2237"]
[Annotator "TA"]
[PlyCount "105"]
[EventDate "2022.06.09"]
[EventType "tourn"]
[EventCountry "SWE"]
[SourceTitle "playchess.com"]
[Source "ChessBase"]
[SourceQuality "1"]
[TimeControl "5400+30"]

1. e4 c5 2. Nf3 Nc6 3. d4 cxd4 4. Nxd4 e6 5. Nc3 Qc7 6. g3 a6 7. Bg2 Nf6 8. O-O Be7 9. Re1 O-O 10. Nxc6 dxc6 11. e5 Rd8 12. Qf3 Nd5 13. Nxd5 {[%emt 0:00:40] B47: Sicilian: Taimanov: 5 Nc3 Qc7 6 f4, 6 g3 and 6 Be2.} cxd5 14. c3 Bd7 {[%emt 0:13:08] [#]} 15. h4 $146 {[%emt 0:02:41] The position is equal.} ({Predecessor:} 15. Be3 b5 16. Bd4 a5 17. Qe3 Rdc8 18. Rac1 Ra6 19. f4 Qb8 20. g4 b4 21. Bf1 {1-0 (44) Leskiewicz,I (2138)-Czopor,M (2227) Ustron 2019}) 15... Bc6 16. Qg4 d4 (16... Kh8 $11 {keeps the balance.}) 17. cxd4 $16 Bxg2 18. Kxg2 Qc6+ 19. Kg1 Rac8 20. Be3 f5 21. exf6 Bxf6 22. Rad1 Qd5 23. Bg5 Kf7 24. Rc1 b5 (24... Rxc1 $16 25. Rxc1 Bxg5 26. hxg5 Kg8) 25. Bxf6 $40 {[%emt 0:05:36][%mdl 128] White is out for blood. Really sharp!} gxf6 26. Qf4 Rc4 27. Qh6 {[%emt 0:08:00] [#] aiming for b3.} Qf5 28. Rxc4 bxc4 {[%emt 0:00:03][%mdl 4096] Endgame KQR-KQR} 29. Qe3 Qd5 30. b3 cxb3 31. axb3 Rc8 32. Qd3 Kg7 (32... Qf5 $16 33. Qxa6 Rc2) 33. Qxa6 $18 Rc6 (33... Rc3 $142 34. Qa7+ Kg6) 34. Qb7+ Kg6 35. Qb8 {[%emt 0:03:05] [#] Qg8+ is the strong threat.} Qf3 (35... Rc3 $142 36. Qg8+ Kh6 37. Qf8+ Kg6 38. Qg8+ Kh6 39. Qxe6 Qxe6 40. Rxe6 Kg6) 36. Qg8+ Kh6 37. b4 (37. g4 $142) 37... Rc2 38. Rf1 Qf5 (38... Re2 {keeps fighting.} 39. b5 Rb2 40. Qxe6 Rxb5 41. Qe3+ Qxe3 42. fxe3 Kg6) 39. Qf8+ (39. g4 $142 Rc8 40. gxf5 (40. Qxc8 Qxg4+ 41. Kh2 Qxh4+ 42. Kg2 Qg4+ 43. Kh2 Qh4+ 44. Kg2 Qg4+ 45. Kh2 Qh4+ $11) 40... Rxg8+ 41. Kh2) 39... Kg6 40. Qg8+ $2 (40. Qb8) 40... Kh6 41. g4 Qe4 42. g5+ Kh5 43. gxf6 Kxh4 (43... Qg6+ $18 44. Qxg6+ Kxg6) 44. f7 {[%emt 0:01:58] White mates.} Rc8 45. Kh2 ({Worse is} 45. Qxc8 Qg4+ 46. Kh2 Qh3+ 47. Kg1 Qg4+ 48. Kh2 Qh3+ 49. Kg1 Qg4+ $11) 45... Qf5 46. Qg3+ ({Not} 46. Qxc8 Qh3+ 47. Kg1 Qg4+ 48. Kh2 Qh3+ 49. Kg1 Qg4+ 50. Kh2 Qh3+ $11) 46... Kh5 47. Re1 Kh6 48. Re5 Qf6 49. Kh3 Ra8 50. f3 Qg6 51. Qh4+ Kg7 52. Rg5 Rh8 53. Rxg6+ {[%emt 0:00:23] Weighted Error Value: White=0.25 (precise) /Black=0.49} 1-0

[Event "Uppsala GM June 2022"]
[Site "Uppsala"]
[Date "2022.06.15"]
[Round "4.2"]
[White "Von Bahr, Oskar"]
[Black "Trost, Edvin"]
[Result "1-0"]
[ECO "B61"]
[WhiteElo "2373"]
[BlackElo "2366"]
[Annotator "TA"]
[PlyCount "83"]
[EventDate "2022.06.09"]
[EventType "tourn"]
[EventCountry "SWE"]
[SourceTitle "playchess.com"]
[Source "ChessBase"]
[SourceQuality "1"]
[TimeControl "5400+30"]

1. e4 c5 2. Nf3 Nc6 3. d4 cxd4 4. Nxd4 Nf6 5. Nc3 d6 6. Bg5 Bd7 7. Qd2 h6 {[%emt 0:00:28] Recently 7...a6 got a lot of attention. B61: Sicilian: Richter-Rauzer: 6...Bd7 7 Qd2.} 8. Bxf6 gxf6 9. Nf5 Qa5 {[%emt 1:31:01] White is slightly better.} 10. Bb5 a6 11. Bxc6 bxc6 {[%emt 0:00:00] [#]} 12. Qd3 $146 ({Predecessor:} 12. Ne3 Rb8 13. Qd4 Qb4 14. Qxb4 Rxb4 15. O-O-O h5 16. a3 Rb8 17. Rhe1 h4 18. Nf5 {1-0 (44) Ravagnani,T (1998)-Caprio,G (2427) Rocca Priora 2012}) 12... Qc5 (12... d5 $14 13. O-O-O (13. exd5 cxd5 14. O-O-O e6 $11) 13... Bxf5 14. exf5 h5) 13. O-O $16 a5 14. Rad1 h5 (14... a4 $142) 15. b3 Rd8 16. Na4 Qa7 17. c4 Bc8 18. Qc3 Rg8 19. c5 {[%emt 0:02:28] Black must now prevent cxd6.} d5 20. Nd4 {[%emt 0:09:32] Pair of Knights!} Qc7 (20... Qb7 $16 {was called for.}) 21. Qe3 $2 {[%emt 0:05:47] Active counter play!} (21. exd5 $1 $18 cxd5 22. c6) 21... Bg4 ({Black should try} 21... dxe4 $1 $17 22. Ne2 (22. Qxe4 Bh3 $17) 22... f5) 22. Rd3 e5 23. exd5 $1 Rxd5 (23... cxd5 {looks sharper.} 24. f4 Be7 25. fxe5 fxe5 26. Qf2 f6) 24. Nc3 {[%emt 0:09:52] [#]} (24. h3 $14 {keeps the upper hand.} Bc8 25. Rfd1) 24... Rxd4 $4 {[%emt 0:00:00][%mdl 8192] A mistake that costs the game.} 25. Rxd4 $18 {[%emt 0:01:50][%cal Oc3e4] Ne4! is the strong threat.} Bxc5 $2 {[%emt 0:00:00] [#]} (25... Bh3 {is tougher.}) 26. Rxg4 $1 Bxe3 27. Rxg8+ Ke7 28. fxe3 Qd6 29. Rg3 Qd3 30. e4 Qc2 31. Rgf3 h4 32. h3 Kd8 33. Kh2 Kc8 34. R1f2 Qc1 35. Na4 Qe1 36. Rxf6 Qxe4 37. Rxf7 {[%emt 0:00:21] Intending Rg7 and mate.} Qd4 38. R2f6 {[%emt 0:02:22] White mates.} e4 39. Rg6 Qe5+ 40. g3 hxg3+ 41. Kg2 Qe8 42. Nb6+ {[%emt 0:00:30] Weighted Error Value: White=0.41/Black=0.76} 1-0

[Event "Uppsala GM June 2022"]
[Site "Uppsala"]
[Date "2022.06.15"]
[Round "4.3"]
[White "Roshka, Yevgeniy"]
[Black "Chatalbashev, Boris"]
[Result "1-0"]
[ECO "E60"]
[WhiteElo "2468"]
[BlackElo "2536"]
[Annotator "TA"]
[PlyCount "71"]
[EventDate "2022.06.09"]
[EventType "tourn"]
[EventCountry "SWE"]
[SourceTitle "playchess.com"]
[Source "ChessBase"]
[SourceQuality "1"]
[TimeControl "5400+30"]

1. d4 Nf6 2. c4 g6 3. h4 c5 4. d5 d6 5. Nc3 Bg7 6. e4 {[%emt 0:00:00] E60: King's Indian: Unusual lines and Fianchetto Variation without Nc3.} e6 7. Be2 exd5 8. exd5 {[%emt 0:00:00] The position is equal.} Qe7 9. Kf1 {[%emt 0:00:00] [#]} Nbd7 $146 ({Predecessor:} 9... O-O 10. h5 Ne4 11. Nxe4 Qxe4 12. Nh3 Bxh3 13. Rxh3 Nd7 14. Qb3 Rfe8 15. Be3 Rab8 {½-½ (50) Shabalov,A (2496)-Valdes Romero,L (2402) Charlotte 2021}) 10. h5 Nxh5 11. Bxh5 gxh5 (11... Bxc3 $11 12. bxc3 gxh5) 12. Qxh5 (12. Rxh5 Bxc3 13. bxc3 Ne5 $11) (12. Bd2 $14) 12... Bxc3 $11 13. bxc3 {[%emt 0:00:00] Strongly threatening Bg5.} Nf6 (13... Qe4 $1 $14) 14. Qh4 $1 $16 Bf5 {[%emt 0:01:16] Hoping for ...Bd3+.} 15. f3 ({White has to play} 15. Nf3 $16 {Bg5 is the strong threat.} Ne4 16. Bf4) 15... O-O-O $36 {[%emt 0:25:43][%mdl 2048] Black is more active.} (15... Bd3+ 16. Kf2 Kd7 17. Bg5 $16) 16. Bg5 Bd3+ 17. Kf2 Rde8 {[%emt 0:00:08][%cal Oh8g8] And now ...Rhg8! would win.} 18. Qf4 ({Don't go for} 18. Bxf6 $2 Qe3+ 19. Kg3 Rhg8+ 20. Kh2 Rxg2+ $3 21. Kxg2 Rg8+ 22. Bg5 (22. Kh3 Bf5+) 22... Rxg5+ 23. Qxg5 (23. Kh3 Bf5+ 24. Kh2 Qd2+) 23... Qxg5+ 24. Kf2 Qd2+ 25. Kg3 Bxc4 $19) (18. g4 $11 Ne4+ 19. fxe4 Qxe4 20. Nf3) 18... Rhg8 $17 {[%emt 0:00:49][%cal Og8g5] aiming for ...Rxg5!} 19. Qxf6 Rxg5 20. Qxe7 Rxe7 21. Rh4 {[%emt 0:00:00] [#]} b5 (21... Rge5 $1 $17) 22. cxb5 $11 c4 23. Rd4 (23. a4 $14) 23... f5 24. g3 Kb7 25. a4 Kb6 26. Ra2 Kc5 (26... Reg7 $14 27. Ne2 Rh5) 27. Rb2 ({White should play} 27. Nh3 $16 Rh5 28. Rh4 (28. Kg2 Re1 $14) 28... Rxh4 29. gxh4) 27... Kb6 $2 {[%emt 0:03:01] [#] Loses the game.} (27... Rh5 $1 $11 28. Kg2 Kb6) 28. Nh3 $1 $18 {[%emt 0:00:00] The board is on fire.} Rg6 (28... Rh5 $142) 29. Rh4 ({Not} 29. Nf4 Rh6 $14) 29... Reg7 $2 (29... h5 30. Rxh5 Rgg7) 30. Nf4 ({Less strong is} 30. a5+ Kxa5 31. Nf4 Rxg3 $16) 30... Rxg3 31. Rh6 Rg1 32. Rxd6+ Kb7 33. b6 Ra1 34. Ne6 {[%emt 0:00:00] White mates.} Rg8 35. Nc5+ Kb8 36. b7 {[%emt 0:00:25] Weighted Error Value: White=0.20 (precise) /Black=0.59} 1-0

[Event "Uppsala GM June 2022"]
[Site "Uppsala"]
[Date "2022.06.15"]
[Round "4.4"]
[White "Falkevall, Axel"]
[Black "Sorensen, Hampus"]
[Result "1/2-1/2"]
[ECO "B22"]
[WhiteElo "2290"]
[BlackElo "2372"]
[Annotator "TA"]
[PlyCount "82"]
[EventDate "2022.06.09"]
[EventType "tourn"]
[EventCountry "SWE"]
[SourceTitle "playchess.com"]
[Source "ChessBase"]
[SourceQuality "1"]
[TimeControl "5400+30"]

1. e4 c5 2. c3 Nf6 3. e5 Nd5 4. d4 cxd4 5. Nf3 Nc6 6. Bc4 e6 7. cxd4 d6 8. O-O dxe5 9. dxe5 Be7 10. Qe2 Nb6 {[%emt 0:02:08] B22: Sicilian: 2 c3.} 11. Bd3 Nb4 12. Be4 N4d5 {[%emt 0:00:24] White is slightly better.} 13. Rd1 Bd7 14. Bd2 Bc6 15. Nd4 {[%emt 0:00:00] [#]} Qc7 $146 ({Predecessor:} 15... Rc8 16. Nxc6 bxc6 17. Qg4 g6 18. Bh6 Qc7 19. Qg3 Nd7 20. Nd2 f5 21. exf6 Qxg3 22. hxg3 N7xf6 {1-0 (86) Strange,M (2322)-Eriksson,C (2151) Copenhagen 2012}) 16. Nxc6 bxc6 17. Nc3 Nd7 18. Bxd5 exd5 19. Qg4 (19. Rac1 $5 Qxe5 20. Qa6 $14) 19... Nxe5 (19... Qxe5 $2 20. Re1 h5 21. Qxd7+ $3 (21. Rxe5 hxg4 22. Ree1 Nc5 $17) 21... Kxd7 22. Rxe5 $18) (19... h5 $11 {keeps the balance.} 20. Qxg7 Qxe5) 20. Qxg7 $16 O-O-O {[%emt 0:00:22][%cal Oe5f3] [#]} 21. Qg3 {[%emt 0:00:00] Prevents Nf3+.} (21. Nxd5 $1 $16 cxd5 (21... Rhg8 22. Nxe7+) 22. Rac1) 21... Rhg8 $11 22. Qh3+ Qd7 {[%emt 0:04:50] ( -> ...Qxh3)} 23. Qxd7+ Rxd7 24. Bf4 Ng6 25. Bg3 Nf8 26. Rac1 {[%emt 0:00:00] And now Nxd5 would win.} Kb7 27. Ne2 Ne6 28. Rd3 (28. Rc3 {seems wilder.} Rg4 29. b3 h5 30. h3) 28... c5 29. Kf1 Rc8 30. b3 Bf6 31. Rcd1 Kc6 32. Rf3 Bh8 33. Rf5 a5 {[%emt 0:04:02] The position is equal.} 34. Be5 Bxe5 35. Rxe5 a4 36. Rh5 axb3 37. axb3 Rb8 38. Nc1 c4 39. bxc4 dxc4 40. Rxd7 Kxd7 41. Rh4 Rb4 {[%emt 0:02:09] Weighted Error Value: White=0.10 (very precise) /Black=0.07 (flawless)} 1/2-1/2

[Event "Uppsala GM June 2022"]
[Site "Uppsala"]
[Date "2022.06.15"]
[Round "4.5"]
[White "Peng, Li Min"]
[Black "Larkin, Vladyslav"]
[Result "1/2-1/2"]
[ECO "C42"]
[WhiteElo "2506"]
[BlackElo "2430"]
[Annotator "TA"]
[PlyCount "84"]
[EventDate "2022.06.09"]
[EventType "tourn"]
[EventCountry "SWE"]
[SourceTitle "playchess.com"]
[Source "ChessBase"]
[SourceQuality "1"]
[TimeControl "5400+30"]

1. e4 e5 2. Nf3 Nf6 3. Nc3 Bb4 4. Nxe5 O-O 5. Be2 Re8 6. Nd3 Bxc3 7. dxc3 Nxe4 8. O-O d5 9. Nf4 c6 10. Be3 Nd7 11. c4 {[%emt 0:00:08] C42: Petroff Defence: 3 Nxe5 and unusual White 3rd moves.} dxc4 12. Bxc4 Ne5 {[%emt 0:00:47] Pair of Knights!} 13. Qxd8 {[%emt 0:00:14] White is slightly better.} Rxd8 14. Bb3 Bf5 15. Rad1 b6 {[%emt 0:00:00] [#]} 16. f3 $146 ({Predecessor:} 16. Bd4 Nd7 17. g4 Bg6 18. h4 Nec5 19. Nxg6 hxg6 20. Bc4 Ne6 21. Bc3 Nf6 22. f3 Rxd1 23. Rxd1 {1-0 (30) Vorobjov,D (2225)-Slavinsky,P (2273) Moscow 2015}) 16... Nd6 17. g4 (17. Rfe1 $14) 17... Bg6 (17... Nxf3+ $11 18. Rxf3 Bxg4) 18. Nxg6 Nxg6 19. Bg5 Rd7 20. h4 Nf8 21. Rfe1 $36 {[%emt 0:00:09][%mdl 2048] White is in control.} h6 22. Bf4 {[%emt 0:01:15] White is more active.} Re8 23. Bxd6 Rxd6 24. Rxe8 (24. Rxd6 $18 Rxe1+ 25. Kf2) 24... Rxd1+ $16 {[%emt 0:00:00][%mdl 4096] Endgame KRB-KRN} 25. Kf2 Rd7 {[%emt 0:00:00] [#] Prevents Re7.} (25... g5 $16) 26. h5 $1 $18 c5 27. a4 a5 28. Kg3 {[%emt 0:01:28] Threatens to win with f4.} Rd4 29. Rc8 {[%emt 0:00:08] Hoping for f4.} Rd1 $2 (29... Rd6 {is a better defense.} 30. f4 g6 31. hxg6 Rxg6) 30. Rc7 (30. Kf4 $142) 30... Nd7 31. Rc8+ $2 (31. f4) 31... Nf8 32. Rc6 {[%emt 0:00:13] Prevents Rd6.} (32. f4 $18) 32... Nd7 $16 33. Rc8+ $2 (33. Bc4 $16) 33... Nf8 $18 34. Rb8 Rd6 {[%emt 0:00:00] [#]} 35. f4 g5 36. hxg6 Rxg6 37. f5 Rf6 (37... Rc6 {was necessary.} 38. Bd5 Rd6) 38. Rb7 Kg7 39. Kf4 Ng6+ 40. Ke4 Nh4 41. Kf4 $2 (41. Be6 $18) 41... Ng6+ $1 $11 42. Ke4 $2 (42. Ke3 $11 c4 43. Ba2 (43. fxg6 cxb3 44. gxf7 bxc2 $11) (43. Bxc4 Ne5 $16)) 42... Nh4 {[%emt 0:14:00] Weighted Error Value: White=0.39/Black=0.23 (precise)} 1/2-1/2

[Event "Uppsala GM June 2022"]
[Site "Uppsala"]
[Date "2022.06.17"]
[Round "6.1"]
[White "Falkevall, Axel"]
[Black "Nilsson, Joakim"]
[Result "1/2-1/2"]
[ECO "B22"]
[WhiteElo "2290"]
[BlackElo "2237"]
[Annotator "TA"]
[PlyCount "150"]
[EventDate "2022.06.09"]
[EventType "tourn"]
[EventCountry "SWE"]
[SourceTitle "playchess.com"]
[Source "ChessBase"]
[SourceQuality "1"]
[TimeControl "5400+30"]

1. e4 c5 2. c3 d5 3. exd5 Qxd5 4. d4 Nf6 5. Nf3 Bg4 6. dxc5 Qxc5 7. h3 {[%emt 0:00:30] B22: Sicilian: 2 c3.} Bh5 8. Na3 e6 9. Be3 {[%emt 0:13:30] White is slightly better.} Qc8 {[%emt 0:01:59] [#]} 10. Nb5 $146 ({Predecessor:} 10. g4 Bg6 11. Bg2 Bxa3 12. Qa4+ Nc6 13. Qxa3 Nd5 14. Bd2 Bf5 15. gxf5 {1-0 (15) Banawa,J (2404)-Tsvetkov,A (2358) Chess.com INT 2020}) 10... Bxf3 11. Qxf3 Nc6 (11... a6 $11) 12. Nd4 (12. Qg3 $1 $16 Nd5 13. Bc4) 12... Be7 13. Nxc6 bxc6 14. Bd3 O-O 15. O-O Qb7 16. Rab1 Rfd8 17. Qe2 Rd7 18. c4 Rad8 19. Rfd1 Qa6 20. b3 Qa5 21. Bc2 Bc5 22. Bf4 Rxd1+ 23. Rxd1 Rxd1+ 24. Bxd1 Bd4 25. Kf1 Qf5 26. Be3 Bxe3 27. Qxe3 $11 {[%emt 0:01:04][%mdl 4096] Endgame KQB-KQN} c5 28. Qd2 {[%emt 0:02:24] Threatening mate with Qd8+.} g6 29. Bf3 Qb1+ 30. Ke2 Kg7 31. Bc6 h5 32. Qa5 (32. g3 $11) 32... Qc2+ (32... h4 $15) 33. Qd2 Qf5 34. Qd3 Qe5+ 35. Qe3 Qd6 (35... Qa1 {seems wilder.} 36. a4 h4 37. Qxc5 Qa2+) 36. Bf3 Nd7 37. Qc3+ Kg8 38. Qd2 Qe5+ 39. Qe3 Qa1 40. Qd2 Ne5 41. Be4 f5 42. Bb7 Nf7 43. f4 Kg7 44. Kf2 Kf6 45. a4 h4 46. Qe3 Qb2+ 47. Kg1 Qa1+ 48. Kf2 ({Much worse is} 48. Kh2 Qd4 49. Qxd4+ cxd4 $15) 48... Qb2+ 49. Kg1 e5 50. fxe5+ Qxe5 51. Qd2 Nd6 ({Black should play} 51... g5 $15) 52. Bd5 g5 53. b4 cxb4 54. Qxb4 g4 55. hxg4 {[%emt 0:00:34] Active counter play!} ({But not} 55. Qd2 Kg6 $15) (55. Kf1 $11 {remains equal.}) 55... fxg4 $17 56. Qb1 ({White should try} 56. Qa5) 56... g3 57. Qc1 Nf5 {[%emt 0:00:20] Inhibits Qh6+. Hoping for ...Qe3+.} 58. Bf3 $2 {[%emt 0:00:30][%mdl 8192] [#]} (58. Kh1 $17) 58... Qe3+ $1 $19 59. Qxe3 Nxe3 {[%emt 0:00:06] KB-KN} 60. c5 Ke6 (60... a5 $142 61. Bb7 Ke6) 61. Be4 a5 62. Bb7 Ke5 {[%emt 0:00:42] Strongly threatening ...Nd1.} 63. Bf3 Ke6 64. Bb7 Nd5 65. Kf1 Nf4 66. Bf3 {[%emt 0:00:56] [#]} Nd3 $1 67. c6 Ne5 $2 (67... Nc5 $19 68. Ke2 Kd6) 68. Be4 {[%emt 0:00:25] The position is equal.} Kd6 69. Ke2 Nxc6 70. Kf3 $1 Nd4+ 71. Kg4 Ke5 72. Bb7 Nf5 73. Bc8 Ne3+ 74. Kxh4 Nxg2+ 75. Kxg3 Ne3 {[%emt 0:00:16] White happily takes the draw.  Weighted Error Value: White=0.28 (precise) /Black=0.16 (very precise)} 1/2-1/2